 Dungeon Sprint DCSS version 0.19.1 (webtiles) character file.

47846 equalderp2856 the Eviscerator (level 12, -1/59 HPs)
             Began as a Felid Fighter on Dec 16, 2016.
             Was an Initiate of Gozag.
             Killed from afar by Margery (26 damage)
             ... with a bolt of fire
             ... in the Dungeon (Sprint IX: "|||||||||||||||||||||||||||||").
             The game lasted 00:25:53 (10009 turns).

equalderp2856 the Eviscerator (Felid Fighter)      Turns: 10009, Time: 00:25:53

Health: -1/59      AC:  3    Str: 14    XL:     12   Next: 40%
Magic:  13/13      EV: 34    Int: 10    God:    Gozag
Gold:   10080      SH:  0    Dex: 18    Spells: 0 memorised, 11 levels left
                                        Lives:  0   Deaths: 3

rFire  . . .     SeeInvis +       - Unarmed
rCold  + . .     Gourm    .     (armour unavailable)
rNeg   . . .     Faith    .     (shield unavailable)
rPois  .         Spirit   .     (helmet unavailable)
rElec  .         Reflect  .     (cloak unavailable)
rCorr  .         Harm     .     (gloves unavailable)
MR     +....     NoTele   +     (boots unavailable)
Stlth  ++++++++..               (no amulet)
                                (no ring)
                                (no ring)

@: lethally poisoned (-1 -> -2), gold aura, bribing [the Dungeon], quick
A: no armour, no weapons or thrown items, stealth, claws 1, fangs 3, see
invisible, carnivore 3, speed 1, shaggy fur 3, slow metabolism 1, sharp paws
a: Potion Petition, Call Merchant, Bribe Branch, Renounce Religion
}: 2/15 runes: serpentine, barnacled


You were in the Dungeon.
You worshipped Gozag.
Gozag was extremely pleased with you.
You were not hungry.

You visited 1 branch You collected 17783 gold pieces.
You spent 35 gold pieces at shops.
You paid 7668 gold pieces to Gozag.

Inventory:

Jewellery
 m - a +3 ring of intelligence
 n - a +3 ring of strength
 s - a +2 ring of intelligence
 t - an uncursed ring of fire
 u - an uncursed ring of protection from magic
 v - an uncursed ring of protection from cold
 x - a +6 ring of strength
 y - a +2 ring of slaying
 z - a +6 ring of dexterity
 A - an uncursed ring of wizardry
 B - a +4 ring of evasion
Wands
 l - a wand of acid (7/15)
 q - a wand of lightning (6/15)
Scrolls
 h - 3 scrolls of blinking
 j - 10 scrolls of remove curse
 k - 2 scrolls of amnesia
 p - 4 scrolls of fear
 C - 2 scrolls of fog
Potions
 a - 5 potions of might
 c - a potion of invisibility
 d - 6 potions of heal wounds
 e - 3 potions of haste
 f - 4 potions of magic
 g - 3 potions of berserk rage
 i - 3 potions of curing
 o - 2 potions of cure mutation
 r - a potion of brilliance {unknown}
 w - 2 potions of agility
Comestibles
 b - 11 meat rations


   Skills:
 + Level 10.9 Fighting
 + Level 18.1 Dodging
 + Level 18.9 Stealth
 + Level 25.6 Unarmed Combat


You had 11 spell levels left.
You didn't know any spells.

Dungeon Overview and Level Annotations

Branches:
Dungeon (1/1)

Altars:
Cheibriados
Dithmenos
Elyvilon
Fedhas
Gozag
Hepliaklqana
Kikubaaqudgha
Makhleb
Nemelex Xobeh
Okawaru
Qazlal
Ru
Sif Muna
Trog
Uskayaw
Vehumet
Xom
Yredelemnul
Zin
The Shining One
Beogh
Jiyva
Lugonu

Shops:
D !*[?

Annotations:
D Boris, Frances, Margery, Xtahua


Innate Abilities, Weirdness & Mutations

You cannot wear armour.
You are incapable of wielding weapons or throwing items.
Your paws allow you to move quietly. (Stealth)
You have sharp claws.
You have razor-sharp teeth.
You have supernaturally acute eyesight. (SInv)
You are carnivorous and can eat meat at any time.
You cover ground quickly.
Your thick and shaggy fur keeps you warm. (AC +3, rC+)
You have a slow metabolism.
Your sharp claws are effective at attacking unaware monsters.


Message History

Things that are here:
72 gold pieces; a rapier of venom; a robe You swap places.
You feel sick.
There is an open door to Snake:4 here.
You feel sick.
Your hell knight casts a spell at something.
Your hell knight points at something and mumbles some strange words.
You feel sick.
Unknown command.
Unknown command.
You swap places.
You see here 2 javelins.
You swap places.
You feel sick.
You see here 2 javelins.
The six-headed hydra roars!
You feel sick.
Margery gestures at the six-headed hydra while chanting.
The bolt of fire hits you!
You die...
Your body crumbles into a pile of gold. mmmmm.).()L)..)pppppCppp.ppp..o.p

▓▓▓▓▓▓▓▓▓▓▓▓▓▓▓▓▓▓▓▓▓▓▓▓▓▓▓▓▓▓▓▓▓
........(...ppp).................
▓▓▓▓▓▓▓▓▓▓▓▓▓▓▓▓▓▓▓▓▓▓▓▓▓▓▓▓▓▓▓▓▓
[[[[[...)))))).........'.........
▓▓▓▓▓▓▓▓▓▓▓▓▓▓▓▓▓▓▓▓▓▓▓▓▓▓▓▓▓▓▓▓▓
......p........p.....)...........
♣▓▓▓▓▓▓▓▓▓▓▓▓▓▓▓▓▓▓▓▓▓▓▓▓▓▓▓▓▓▓▓▓
'$DDD$D$$..D)D'D@..@(.))).).'....
♣▓▓▓▓▓▓▓▓▓▓▓▓▓▓▓▓▓▓▓▓▓▓▓▓▓▓▓▓▓▓▓▓
,,,,,,,,,,,,,,,,,,,,,,,,,,,,,,,,,
*********************************
,,,,,,,,,,,,,,,,,,,,,,,,,+,,,,,,,
*********************************
,,,,,,,,,,,,,,,,,,,,,,,,,,,,,,,,,
*********************************
,,,,,,,,,,,,,,,,,,,,,,,,,,,,+,,,,


You could see 2 six-headed hydras, a swamp dragon and the friendly Margery.

Vanquished Creatures
  A golden dragon (D)
  A vampire knight (D)
  2 stone giants (D)
  Nessos (D)
  A spark wasp (D)
  An ettin (D)
  A merfolk impaler (D)
  A fire dragon (D)
  Snorg (D)
  Erolcha (D)
  A rakshasa (D)
  An alligator snapping turtle (D)
  A merfolk aquamancer (D)
  4 centaur warriors (D)
  A naga sharpshooter (D)
  Urug (D)
  2 tengu warriors (D)
  A deep troll earth mage (D)
  2 shock serpents (D)
  A wizard (D)
  A hill giant (D)
  4 orc knights (D)
  6 orc sorcerers (D)
  A wolf spider (D)
  An elephant (D)
  Joseph (D)
  4 black mambas (D)
  A siren (D)
  3 spiny frogs (D)
  2 komodo dragons (D)
  A yaktaur (D)
  A rime drake (D)
  A troll (D)
  2 merfolk (D)
  A merfolk (shapeshifter) (D)
  A tengu conjurer (D)
  2 slime creatures (D)
  4 polar bears (D)
  A hippogriff (D)
  A tarantella (D)
  2 redbacks (D)
  A wyvern (D)
  A hungry ghost (D)
  Eustachio (D)
  A yak (D)
  4 water moccasins (D)
  An ice beast (D)
  3 porcupines (D)
  7 orc warriors (D)
  4 black bears (D)
  A wolf (D)
  3 big kobolds (D)
  4 bullfrogs (D)
  A scorpion (D)
  A howler monkey (D)
  A jelly (D)
  4 orc priests (D)
  14 orc wizards (D)
  A worker ant (D)
  An ooze (D)
  An adder skeleton (D)
  2 dart slugs (D)
  6 orcs (D)
  A bat zombie (D)
  A giant cockroach (D)
  A hobgoblin (D)
  A leopard gecko skeleton (D)
  A rat (D)
135 creatures vanquished.

Vanquished Creatures (collateral kills)
  2 hydras (D)
  A harpy (D)
  2 merfolk aquamancers (D)
  A swamp dragon (D)
  A black mamba (D)
  A naga mage (D)
8 creatures vanquished.

Vanquished Creatures (others)
  A sphinx (D)
  Ilsuiw (D)
  9 nagarajas (D)
  A fire giant (D)
  A stone giant (D)
  A vampire knight (D)
  An ettin (D)
  2 merfolk javelineers (D)
  2 merfolk impalers (D)
  An ogre mage (D)
  A great orb of eyes (D)
  A hydra (D)
  A yaktaur captain (D)
  A rakshasa (D)
  An ice dragon (D)
  3 merfolk aquamancers (D)
  A satyr (D)
  5 hell knights (D)
  A merfolk avatar (D)
  A tengu warrior (D)
  2 alligators (D)
  A naga sharpshooter (D)
  A spriggan druid (D)
  A tengu conjurer (D)
  2 hill giants (D)
  A shambling mangrove (D)
  A wolf spider (D)
  A cyclops (D)
  3 orc knights (D)
  An ugly thing (D)
  A manticore (D)
  A siren (D)
  2 naga magi (D)
  2 demonic crawlers (D)
  3 yaktaurs (D)
  A merfolk (D)
  A snapping turtle (D)
  A bog body (D)
  A hippogriff (shapeshifter) (D)
  A redback (D)
  A vampire mosquito (D)
  A naga (D)
  A swamp drake (D)
67 creatures vanquished.

Grand Total: 210 creatures vanquished

Notes
Turn   | Place    | Note
-------+----------+-------------------------------------------
     0 | D        | equalderp2856 the Felid Fighter began the quest for the Orb.
     0 | D        | Reached XP level 1. HP: 10/10 MP: 2/2
    18 | D        | Reached skill level 5 in Unarmed Combat
    18 | D        | Reached XP level 2. HP: 10/14 MP: 3/3
   112 | D        | Noticed a howler monkey
   112 | D        | Noticed a scorpion
   118 | D        | Reached skill level 5 in Dodging
   118 | D        | Reached skill level 6 in Unarmed Combat
   118 | D        | Reached XP level 3. HP: 18/18 MP: 4/4
   129 | D        | Killed a scorpion
   129 | D        | Reached skill level 7 in Unarmed Combat
   129 | D        | Reached XP level 4. HP: 15/22 MP: 5/5
   135 | D        | Reached skill level 5 in Fighting
   135 | D        | Reached skill level 8 in Unarmed Combat
   138 | D        | Reached skill level 1 in Stealth
   144 | D        | Found a roughly hewn altar of Beogh.
   144 | D        | Found a snail-covered altar of Cheibriados.
   144 | D        | Found a shadowy altar of Dithmenos.
   144 | D        | Found a white marble altar of Elyvilon.
   144 | D        | Found a blossoming altar of Fedhas.
   144 | D        | Found an opulent altar of Gozag.
   179 | D        | Found a hazy altar of Hepliaklqana.
   180 | D        | Found a viscous altar of Jiyva.
   181 | D        | Found an ancient bone altar of Kikubaaqudgha.
   182 | D        | Found a corrupted altar of Lugonu.
   183 | D        | Found a burning altar of Makhleb.
   184 | D        | Found a sparkling altar of Nemelex Xobeh.
   185 | D        | Found an iron altar of Okawaru.
   186 | D        | Became a worshipper of Gozag Ym Sagoz the Greedy
   187 | D        | Found a stormy altar of Qazlal.
   188 | D        | Found a sacrificial altar of Ru.
   189 | D        | Found a deep blue altar of Sif Muna.
   190 | D        | Found a bloodstained altar of Trog.
   191 | D        | Found a hide-covered altar of Uskayaw.
   192 | D        | Found a radiant altar of Vehumet.
   193 | D        | Found a shimmering altar of Xom.
   194 | D        | Found a basalt altar of Yredelemnul.
   195 | D        | Found a glowing silver altar of Zin.
   196 | D        | Found a glowing golden altar of the Shining One.
   221 | D        | Noticed a water moccasin
   221 | D        | Noticed an ice beast
   221 | D        | Noticed a big kobold
   221 | D        | Noticed a big kobold
   221 | D        | Noticed a big kobold
   229 | D        | Killed a big kobold
   229 | D        | Reached skill level 9 in Unarmed Combat
   229 | D        | Reached XP level 5. HP: 27/27 MP: 6/6
   231 | D        | Reached skill level 10 in Unarmed Combat
   238 | D        | Gained mutation: You are covered in thick fur. (AC +2) [Felid growth]
   238 | D        | Reached XP level 6. HP: 24/31 MP: 7/7
   243 | D        | Reached skill level 11 in Unarmed Combat
   250 | D        | Killed an ice beast
   256 | D        | Killed a water moccasin
   256 | D        | Reached skill level 12 in Unarmed Combat
   256 | D        | Reached XP level 7. HP: 24/36 MP: 8/8
   357 | D        | Noticed a fire crab
   357 | D        | Noticed a wyvern
   357 | D        | Noticed a centaur warrior
   357 | D        | Noticed a hungry ghost
   360 | D        | Killed a hungry ghost
   360 | D        | Reached skill level 10 in Dodging
   369 | D        | Killed a centaur warrior
   369 | D        | Reached skill level 14 in Unarmed Combat
   369 | D        | Reached XP level 8. HP: 35/40 MP: 9/9
   549 | D        | Noticed a sea snake
   552 | D        | Noticed a hell hog
   552 | D        | a sea snake changed into a hell hog
   553 | D        | Noticed a merfolk
   553 | D        | a hell hog changed into a merfolk
   565 | D        | Killed a merfolk
   565 | D        | Reached skill level 15 in Unarmed Combat
   800 | D        | Noticed a komodo dragon
   806 | D        | Reached XP level 9. HP: 21/45 MP: 10/10
   967 | D        | Noticed a spiny frog
   975 | D        | Killed a komodo dragon
   975 | D        | Reached skill level 16 in Unarmed Combat
  1218 | D        | Reached skill level 5 in Stealth
  1220 | D        | Killed a spiny frog
  1288 | D        | Noticed a rime drake
  1288 | D        | Noticed an elephant
  1289 | D        | Noticed a spiny frog
  1291 | D        | Reached skill level 17 in Unarmed Combat
  1295 | D        | Noticed a spiny frog
  1304 | D        | Noticed a komodo dragon
  1309 | D        | Killed an elephant
  1318 | D        | Killed from afar by a rime drake
  1319 | D        | Reached XP level 8. HP: -2/42 MP: 9/9
  1342 | D        | Noticed Joseph
  1362 | D        | Killed Joseph
  1362 | D        | Reached XP level 9. HP: 35/45 MP: 10/10
  1440 | D        | Found Ygym's Distillery.
  1440 | D        | Noticed an orc sorcerer
  1440 | D        | Noticed an orc sorcerer
  1440 | D        | Noticed an orc sorcerer
  1441 | D        | Noticed an orc sorcerer
  1442 | D        | Killed an orc sorcerer
  1442 | D        | Reached skill level 18 in Unarmed Combat
  1443 | D        | Found Yfext's General Store.
  1444 | D        | Killed an orc sorcerer
  1447 | D        | Found Qayseg's Antique Armour Shop.
  1450 | D        | Killed an orc sorcerer
  1452 | D        | Paralysed by an orc sorcerer for 2 turns
  1459 | D        | Killed an orc sorcerer
  1460 | D        | Found Cuesupap's Magic Scroll Boutique.
  1469 | D        | Reached XP level 10. HP: 30/49 MP: 11/11
  1470 | D        | Noticed an orc sorcerer
  1480 | D        | Killed an orc sorcerer
  1480 | D        | Reached skill level 10 in Stealth
  1480 | D        | Reached skill level 19 in Unarmed Combat
  1625 | D        | Noticed an orc sorcerer
  1625 | D        | Noticed an orc knight
  1626 | D        | Noticed an orc knight
  1630 | D        | Noticed a rust devil
  1630 | D        | Killed an orc sorcerer
  2183 | D        | Killed an orc knight
  2380 | D        | Killed an orc knight
  2798 | D        | Noticed an orc knight
  3342 | D        | Killed an orc knight
  3342 | D        | Reached skill level 20 in Unarmed Combat
  3389 | D        | Reached skill level 15 in Dodging
  3462 | D        | Bought a scroll of magic mapping for 35 gold pieces
  3555 | D        | Noticed Urug
  3575 | D        | Killed Urug
  3590 | D        | Noticed Eustachio
  3597 | D        | Killed Eustachio
  3612 | D        | Noticed Erolcha
  3620 | D        | Killed Erolcha
  3620 | D        | Reached XP level 11. HP: 41/53 MP: 12/12
  3678 | D        | Reached skill level 21 in Unarmed Combat
  4563 | D        | Noticed an orc knight
  4563 | D        | Noticed a centaur warrior
  4582 | D        | Killed a centaur warrior
  4786 | D        | Killed an orc knight
  4788 | D        | Noticed a centaur warrior
  4796 | D        | Noticed a tengu warrior
  4798 | D        | Killed a centaur warrior
  4798 | D        | Reached skill level 22 in Unarmed Combat
  4846 | D        | Killed a tengu warrior
  4867 | D        | Noticed a tengu warrior
  5121 | D        | Killed a tengu warrior
  5189 | D        | Noticed a centaur warrior
  5198 | D        | Killed a centaur warrior
  5198 | D        | Reached skill level 15 in Stealth
  5224 | D        | Noticed a stone giant
  5225 | D        | Noticed a stone giant
  5573 | D        | Slain by a stone giant
  5574 | D        | Reached XP level 10. HP: -1/51 MP: 11/11
  5714 | D        | Killed a stone giant
  5714 | D        | Reached skill level 10 in Fighting
  5714 | D        | Reached XP level 11. HP: 54/54 MP: 12/12
  5748 | D        | Killed a stone giant
  5748 | D        | Reached skill level 23 in Unarmed Combat
  5813 | D        | Noticed Snorg
  5825 | D        | Killed Snorg
  5874 | D        | Noticed a satyr
  5874 | D        | Noticed a merfolk impaler
  5877 | D        | Noticed an alligator snapping turtle
  5881 | D        | Demolished by a merfolk impaler
  5882 | D        | Reached XP level 10. HP: -20/51 MP: 11/11
  5996 | D        | Killed a siren
  6035 | D        | Killed a siren
  6052 | D        | Noticed a manticore
  6062 | D        | Killed a manticore
  6064 | D        | Killed a satyr
  6104 | D        | Killed a merfolk impaler
  6118 | D        | Killed an alligator snapping turtle
  6145 | D        | Noticed an alligator
  6145 | D        | Noticed a five-headed hydra
  6145 | D        | Noticed a spriggan druid
  6145 | D        | Noticed a shambling mangrove
  6150 | D        | Killed a spriggan druid
  6152 | D        | Noticed an alligator
  6154 | D        | Killed a five-headed hydra
  6156 | D        | Killed an alligator
  6172 | D        | Killed an alligator
  6239 | D        | Noticed a wolf spider
  6241 | D        | Killed a wolf spider
  6683 | D        | Noticed a wolf spider
  6684 | D        | Noticed a spark wasp
  6725 | D        | Killed a wolf spider
  6726 | D        | Killed a shambling mangrove
  6743 | D        | Killed a spark wasp
  6743 | D        | Reached XP level 11. HP: 17/55 MP: 12/12
  6995 | D        | Noticed a naga sharpshooter
  6995 | D        | Noticed a shock serpent
  6995 | D        | Noticed a naga sharpshooter
  6996 | D        | Noticed a shock serpent
  7563 | D        | Killed a shock serpent
  7781 | D        | Killed a naga sharpshooter
  7781 | D        | Reached skill level 24 in Unarmed Combat
  8001 | D        | Killed a shock serpent
  8344 | D        | Noticed Nessos
  8351 | D        | Killed Nessos
  8384 | D        | Noticed Frances
  8426 | D        | Noticed a yaktaur captain
  8426 | D        | Noticed a tengu warrior
  8426 | D        | Noticed a rakshasa
  8426 | D        | Noticed an ettin
  8426 | D        | Noticed a rakshasa
  8427 | D        | Noticed a fire giant
  8431 | D        | Killed a rakshasa
  8432 | D        | Noticed a golden dragon
  8434 | D        | Killed a fire giant
  8435 | D        | Killed a rakshasa
  8439 | D        | Killed a tengu warrior
  8446 | D        | Killed a yaktaur captain
  8447 | D        | Killed an ettin
  8451 | D        | Noticed a sphinx
  8461 | D        | Killed a sphinx
  8462 | D        | Killed a golden dragon
  8464 | D        | Noticed a stone giant
  8470 | D        | Noticed a vampire knight
  8471 | D        | Noticed a hell knight
  8472 | D        | Noticed a vampire knight
  8473 | D        | Noticed a fire dragon
  8474 | D        | Noticed an ettin
  8481 | D        | Killed a vampire knight
  8482 | D        | Killed a vampire knight
  8490 | D        | Killed a hell knight
  8494 | D        | Killed a stone giant
  8537 | D        | Killed a fire dragon
  8537 | D        | Gained mutation: Your thick and shaggy fur keeps you warm. (AC +3, rC+) [Felid growth]
  8537 | D        | Reached XP level 12. HP: 45/59 MP: 13/13
  8549 | D        | Killed an ettin
  8549 | D        | Reached skill level 25 in Unarmed Combat
  8568 | D        | Noticed a deep troll earth mage
  8575 | D        | Killed a deep troll earth mage
  8631 | D        | Noticed a great orb of eyes
  8638 | D        | Killed a great orb of eyes
  8644 | D        | Noticed an ogre mage
  8648 | D        | Noticed an ironheart preserver
  8654 | D        | Noticed an ironheart preserver
  8658 | D        | Noticed an ogre mage
  8663 | D        | Killed an ogre mage
  8664 | D        | Noticed an ice dragon
  8681 | D        | Noticed a stone giant
  8686 | D        | Killed an ice dragon
  8771 | D        | Noticed Margery
  8793 | D        | Noticed Boris
  8957 | D        | Noticed Xtahua
  8986 | D        | Noticed a merfolk aquamancer
  8986 | D        | Noticed a merfolk aquamancer
  8986 | D        | Noticed a merfolk impaler
  8986 | D        | Noticed a merfolk aquamancer
  8986 | D        | Noticed a merfolk avatar
  8986 | D        | Noticed a merfolk aquamancer
  8987 | D        | Noticed Ilsuiw
  8988 | D        | Noticed a merfolk impaler
  8989 | D        | Noticed a merfolk aquamancer
  8990 | D        | Killed a merfolk aquamancer
  8992 | D        | Killed a merfolk aquamancer
  8995 | D        | Killed a merfolk aquamancer
  8997 | D        | Noticed a merfolk aquamancer
  9002 | D        | Killed a merfolk aquamancer
  9006 | D        | Killed a merfolk aquamancer
  9092 | D        | Your ally died
  9156 | D        | Killed a merfolk javelineer
  9314 | D        | Killed a merfolk javelineer
  9715 | D        | Killed a merfolk impaler
  9900 | D        | Got a barnacled rune of Zot
  9907 | D        | Noticed a nagaraja
  9907 | D        | Noticed a nagaraja
  9907 | D        | Noticed a nagaraja
  9907 | D        | Noticed a nagaraja
  9908 | D        | Noticed a nagaraja
  9919 | D        | Killed a nagaraja
  9921 | D        | Killed a nagaraja
  9925 | D        | Noticed a nagaraja
  9926 | D        | Noticed a nagaraja
  9929 | D        | Noticed a nagaraja
  9933 | D        | Got a serpentine rune of Zot
  9942 | D        | Noticed a six-headed hydra
  9942 | D        | Noticed a four-headed hydra
  9942 | D        | Noticed an eight-headed hydra
  9942 | D        | Noticed a four-headed hydra
  9954 | D        | Killed a four-headed hydra
  9959 | D        | Killed a nagaraja
  9966 | D        | Killed a nagaraja
  9970 | D        | Killed a nagaraja
  9973 | D        | Killed a nagaraja
  9978 | D        | Killed a nagaraja
  9980 | D        | Killed an eight-headed hydra
 10009 | D        | Killed from afar by Margery

Skill      XL: |  1  2  3  4  5  6  7  8  9 10 11 12 |
---------------+-------------------------------------+-----
Unarmed Combat | 5 6 7 9 10 12 14 15 18 20 24 25 | 25.6
Fighting       | 4 5 6 7 8 9 10 | 10.9
Dodging        | 5 7 8 9 11 12 14 15 17 18 | 18.1
Stealth        | 1 2 3 9 12 18 | 18.9

Action                   |  1- 3 |  4- 6 |  7- 9 | 10-12 || total
-------------------------+-------+-------+-------+-------++-------
Melee: Unarmed           |    30 |    38 |   124 |   364 ||   556
       Bite              |     3 |     7 |    19 |    39 ||    68
       Punch             |     1 |     4 |    12 |    40 ||    57
Invok: Potion Petition   |       |       |       |     4 ||     4
       Bribe Branch      |       |       |       |     2 ||     2
  Use: Potion            |       |     2 |     2 |     6 ||    10
       Scroll            |       |       |       |     1 ||     1
 Stab: Sleeping          |       |       |     6 |     6 ||    12
       Distracted        |       |       |     1 |     6 ||     7
       Invisible         |       |       |       |     4 ||     4
  Eat: Meat ration       |       |       |       |     2 ||     2
Armor: Skin              |     1 |     1 |     1 |     5 ||     8
Dodge: Dodged            |    19 |    21 |    70 |   247 ||   357
